 Dungeon Crawl Stone Soup version 0.29-a0-483-g69413ace17 (webtiles) character file.

Game seed: 2402852438474913882

2184 jfcaron the Spear-Bearer (level 9, 0/71 HPs)
             Began as a Minotaur Chaos Knight on May 26, 2022.
             Was a Plaything of Xom.
             Slain by a steam dragon (11 damage)
             ... on level 7 of the Dungeon.
             The game lasted 00:16:05 (7866 turns).

jfcaron the Spear-Bearer (Minotaur Chaos Knight)    Turns: 7866, Time: 00:16:06

Health: 0/71       AC: 11    Str: 18 (19) XL:     9   Next: 11%
Magic:  0/8        EV:  6    Int:  2      God:    Xom [*.....]
Gold:   350        SH:  0    Dex:  9 (10) Spells: 8/8 levels left

rFire   . . .      SeeInvis .   a - +1 spear (chaos)
rCold   + . .      Faith    .   (no shield)
rNeg    . . .      Spirit   +   k - +0 plate armour
rPois   +          Reflect  .   (helmet restricted)
rElec   +          Harm     .   p - +0 cloak
rCorr   .          Rampage  .   m - +0 pair of gloves of Spring Thaw {rElec rPois Int-5}
Will    .....                   e - +0 pair of boots
Stlth   ..........              y - amulet of guardian spirit
HPRegen 0.21/turn               (no ring)
MPRegen 0.11/turn               (no ring)

@: unable to read
A: horns 2, retaliatory headbutt, hooves 1, cold resistance 1, deformed body,
deterioration 1, dopey 1, frail 1, electricity resistance, weak 1, inability to
read while threatened
a: Renounce Religion


You were on level 7 of the Dungeon.
You worshipped Xom.
You were a special plaything of Xom.
You visited 1 branch of the dungeon, and saw 7 of its levels.
You also visited: Sewer.

You collected 350 gold pieces.

Inventory:

Hand Weapons
 a - a +1 spear of chaos (weapon)
 r - a +0 trident
Missiles
 d - 215 stones (quivered)
 n - 2 throwing nets {!f}
 w - 4 boomerangs
Armour
 e - a +0 pair of boots (worn)
 k - a +0 plate armour (worn)
 l - a +0 scale mail
 m - the +0 pair of gloves of Spring Thaw (worn) {rElec rPois Int-5}
   (You acquired it on level 3 of the Dungeon)

   Int:       It affects your intelligence (-5).
   rElec:     It insulates you from electricity.
   rPois:     It protects you from poison.
 p - a +0 cloak (worn)
Magical Staves
 f - a staff of fire
 h - a staff of air
Jewellery
 y - an amulet of guardian spirit (around neck)
 z - an amulet of magic regeneration
 G - a ring of poison resistance
Wands
 A - a wand of flame (15)
 D - a wand of paralysis (12)
 K - a wand of acid (13)
Scrolls
 g - 2 scrolls of magic mapping
 j - 5 scrolls of teleportation
 o - a scroll of noise
 q - 3 scrolls of blinking
 t - a scroll of enchant weapon
 v - a scroll of summoning
 E - a scroll of poison {unknown}
 I - 3 scrolls of enchant armour {unknown}
 J - a scroll of fear
Potions
 i - a potion of flight
 s - 3 potions of cancellation
 u - 2 potions of mutation
 x - a potion of brilliance
 C - a potion of lignification
 F - a potion of haste
 H - a potion of curing {unknown}
 L - a potion of resistance {unknown}
Miscellaneous
 b - a phantom mirror (inert)
 c - a piece from Xom's chessboard (15/15)


   Skills:
 + Level 7.3 Fighting
 * Level 9.8 Polearms
 + Level 6.7 Armour
 - Level 2.0 Dodging
 + Level 4.6 Evocations


You had 8 spell levels left.
You didn't know any spells.
Your spell library contained the following spells:

 Spells                   Type           Power      Damage    Failure   Level
 Ozocubu's Armour         Ice            0%         N/A       100%        3
 Ozocubu's Refrigeration  Ice            0%         4d5       100%        7


Dungeon Overview and Level Annotations

Branches:
Dungeon (7/15)             Temple (0/1) D:7           Sewer (visited)

Altars:
Cheibriados
Kikubaaqudgha
Okawaru
Qazlal
Vehumet

Shops:
D:4 [

Annotations:
D:4 come back with digging


Innate Abilities, Weirdness & Mutations

You have a pair of horns on your head.
You reflexively headbutt those who attack you in melee.
You have large cloven feet.
Your flesh is cold resistant. (rC+)
Armour fits poorly on your strangely shaped body.
Your body sometimes deteriorates upon taking damage.
You are dopey. (Int -2)
You are frail. (-10% HP)
You are resistant to electric shocks. (rElec)
You are weak. (Str -2)
You sometimes lose the ability to read scrolls when taking damage.


Message History

The steam dragon seems to grow stronger.
The steam dragon is lightly wounded.
You are engulfed in a cloud of scalding steam.
You hit the steam dragon. You freeze the steam dragon.
The steam dragon is moderately wounded.
The steam dragon breathes steam at you. The ball of steam hits you!!
You feel threatened and lose the ability to read scrolls!
Your body deteriorates!
You feel weakened.
You are too injured to fight recklessly!
You are too injured to fight recklessly!
The steam dragon attacks as you move away!
The steam dragon bites you but does no damage.
The steam dragon barely misses you.
You are too injured to fight recklessly!
You hit the steam dragon.
The steam dragon is poisoned.
The steam dragon is moderately wounded.
You barely miss the steam dragon.
The steam dragon is moderately wounded.
You are engulfed in a cloud of scalding steam.
The steam dragon breathes steam at you. The ball of steam hits you!
* * * LOW HITPOINT WARNING * * *
Your body deteriorates!
You feel clumsy.
You closely miss the steam dragon.
The steam dragon is heavily wounded.
You closely miss the steam dragon. You headbutt the steam dragon.
The steam dragon is heavily wounded.
The steam dragon bites you.
* * * LOW HITPOINT WARNING * * *
The steam dragon claws you but does no damage.
You hit the steam dragon.
The steam dragon suddenly seems more agile.
Xom is amused.
You headbutt the steam dragon.
The steam dragon is severely wounded. "Hum-dee-hum-dee-hum..."
The steam dragon suddenly seems more resistant.
The steam dragon bites you!
You die...

...... #..>..... ......
#.♣.♣..(.
.....>##...[.(..
......#.........
...........(....
....§.........# ....
..............# #....
....§§.@D#.... ...#
.........##..#####..#
........§.##...#...#
.......§.##........### #
.........##..........##.
.....................#..
#.#.....................
..###................##.
###.....##..†......^


You could see a steam dragon (strong, agile, resistant, very poisoned, catching
breath).

Vanquished Creatures
  An ice beast (D:6)
  4 ogres
  2 centaurs
  3 phantoms
  4 bullfrogs
  A necrophage (D:7)
  3 scorpions
  A hound (D:5)
  2 gnoll shamans (D:4)
  A jelly (D:7)
  2 orc priests
  2 iguanas (D:5)
  Terence (D:2)
  Natasha (thrice) (D:2)
  2 orc wizards
  Robin (D:3)
  17 gnolls
  13 adders
  2 river rats (D:3)
  2 shadow imps (D:5)
  2 ufetubi (D:6)
  2 worms
  3 dart slugs
  9 orcs
  12 ball pythons
  5 endoplasms
  11 giant cockroaches
  24 goblins
  10 hobgoblins
  6 jackals
  9 quokkas
  4 bats (D:1)
  11 frilled lizards
  8 kobolds
  9 rats
192 creatures vanquished.

Notes
Turn   | Place    | Note
-------+----------+-------------------------------------------
     0 | D:1      | jfcaron the Minotaur Chaos Knight began the quest for the
                  | Orb.
     0 | D:1      | Reached XP level 1. HP: 19/19 MP: 0/0
   328 | D:1      | Reached XP level 2. HP: 27/27 MP: 1/1
   378 | D:1      | Reached skill level 4 in Polearms
   523 | D:1      | Reached XP level 3. HP: 33/33 MP: 2/2
   799 | D:1      | XOM: noise
   957 | D:2      | Noticed Terence
   968 | D:2      | Killed Terence
   969 | D:2      | Reached skill level 1 in Evocations
  1005 | D:2      | Noticed Natasha
  1005 | D:2      | XOM: 1-stop teleportation journey
  1021 | D:2      | XOM: enchant monster (bad)
  1022 | D:2      | Reached XP level 4. HP: 25/40 MP: 3/3
  1023 | D:2      | Killed Natasha
  1131 | D:2      | Noticed Natasha
  1139 | D:2      | Killed Natasha
  1140 | D:2      | Reached skill level 5 in Polearms
  1156 | D:2      | Noticed Natasha
  1159 | D:2      | Killed Natasha
  1160 | D:2      | Reached XP level 5. HP: 44/47 MP: 4/4
  1474 | D:1      | XOM: silly message
  1901 | D:3      | Found a glowing drain.
  1912 | D:3      | XOM: silly message
  1929 | Sewer    | Entered a sewer
  2349 | Sewer    | Reached XP level 6. HP: 41/55 MP: 5/5
  2350 | Sewer    | Reached skill level 6 in Polearms
  2530 | Sewer    | XOM: silly message
  2702 | D:3      | Reached skill level 5 in Fighting
  2719 | D:3      | XOM: silly message
  2802 | D:3      | Found a faded altar of an unknown god.
  3130 | D:3      | XOM: silly message
  3491 | D:3      | XOM: noise
  3496 | D:3      | XOM: enchant monster (good)
  3607 | D:3      | Noticed Robin
  3631 | D:3      | XOM: give mutations
  3631 | D:3      | Gained mutation: You are resistant to electric shocks.
                  | (rElec) [Xom's grace]
  3631 | D:3      | Gained mutation: Your flesh is cold resistant. (rC+) [Xom's
                  | grace]
  3636 | D:3      | Killed Robin
  3671 | D:3      | Identified a scroll of acquirement
  3672 | D:3      | Acquired the +0 pair of gloves of Spring Thaw {rElec rPois
                  | Int-5}
  3851 | D:4      | Found an iron altar of Okawaru.
  3963 | D:3      | XOM: repel stairs
  3965 | D:3      | XOM: draining
  3966 | D:3      | XOM: silly message
  3972 | D:3      | Reached XP level 7. HP: 51/56 MP: 6/6
  4129 | D:4      | Reached skill level 7 in Polearms
  4218 | D:4      | XOM: blink monster(s)
  4286 | D:4      | XOM: give mutations
  4286 | D:4      | Gained mutation: You are frail. (-10% HP) [Xom's mischief]
  4286 | D:4      | Gained mutation: You are very frail. (-20% HP) [Xom's
                  | mischief]
  4286 | D:4      | Gained mutation: You are weak. (Str -2) [Xom's mischief]
  4364 | D:4      | Reached skill level 5 in Armour
  4511 | D:4      | XOM: 5-stop teleportation journey
  4538 | D:4      | XOM: give mutations
  4538 | D:4      | Gained mutation: Your body sometimes deteriorates upon
                  | taking damage. [Xom's mischief]
  4538 | D:4      | Gained mutation: You sometimes lose the ability to read
                  | scrolls when taking damage. [Xom's mischief]
  4538 | D:4      | Lost mutation: You are very frail. (-20% HP) [Xom's
                  | mischief]
  4543 | D:4      | Reached XP level 8. HP: 33/63 MP: 4/7
  4690 | D:4      | XOM: give mutation
  4690 | D:4      | Gained mutation: You are very frail. (-20% HP) [Xom's
                  | mischief]
  4855 | D:4      | Found an ancient bone altar of Kikubaaqudgha.
  4867 | D:4      | Found a snail-covered altar of Cheibriados.
  4879 | D:4      | Found a radiant altar of Vehumet.
  4891 | D:4      | Found a stormy altar of Qazlal.
  4901 | D:4      | Found Kuwiada's Armour Boutique.
  5008 | D:5      | Entered Level 5 of the Dungeon
  5075 | D:5      | Reached skill level 8 in Polearms
  5606 | D:5      | XOM: stat loss: -1 Str (16/17)
  5826 | D:5      | XOM: summons 3 hostile shadow creatures
  5832 | D:5      | Noticed a shapeshifter
  5832 | D:5      | an adder changed into a shapeshifter
  5832 | D:5      | Noticed a raiju
  5832 | D:5      | a shapeshifter changed into a raiju
  5837 | D:5      | a raiju changed into a spriggan
  5853 | D:5      | HP: 5/56 [spriggan (shapeshifter)[Xom] (10)]
  5860 | D:5      | HP: 5/56 [something (1)]
  5863 | D:5      | HP: 2/56 [something (2)]
  6252 | D:5      | XOM: stat loss: -1 Str (14/17)
  6619 | D:6      | XOM: 6-stop teleportation journey
  6661 | D:6      | XOM: draining
  6713 | D:6      | XOM: give mutations
  6713 | D:6      | Lost mutation: You are very frail. (-20% HP) [Xom's
                  | mischief]
  6713 | D:6      | Gained mutation: You are dopey. (Int -2) [Xom's mischief]
  6713 | D:6      | Gained mutation: You have large cloven feet. [Xom's
                  | mischief]
  6713 | D:6      | Gained mutation: Armour fits poorly on your strangely
                  | shaped body. [Xom's mischief]
  6772 | D:6      | XOM: summons 2 friendly demons
  6875 | D:6      | Reached skill level 9 in Polearms
  7592 | D:7      | XOM: enchant monster (bad)
  7601 | D:7      | Reached XP level 9. HP: 66/71 MP: 6/8
  7713 | D:7      | XOM: enchant monster (bad)
  7851 | D:7      | Found a staircase to the Ecumenical Temple.
  7865 | D:7      | HP: 11/71 [steam dragon (5)]
  7866 | D:7      | XOM: enchant monster (bad)
  7866 | D:7      | Slain by a steam dragon

Illustrated notes

Levels and vault maps discovered:
D:1:      ncdulo_halloftheorcs, layout_loops_ring, minmay_tetromino_s2
D:2:      layout_rooms, uniq_terence, uniq_natasha
D:3:      kennysheep_goblin_castle, layout_basic, portal_sewer_entry_b,
          nicolae_ecumenical_snake_handling,
          hangedman_abyss_or_decor_lesser_grid
D:4:      layout_cave_pools, okawaru_ov_weapons_minmay,
          nicolae_overflow_quartered_altars, serial_shops, kennysheep_mini,
          due_unseen_surprise
D:5:      layout_loops_corners, serial_rivers, chequers_serial_rivers_small_a,
          chequers_serial_rivers_micro_b, chequers_serial_rivers_room_b,
          chequers_serial_rivers_small_3
D:6:      layout_loops_cross
D:7:      layout_cave_pools, minmay_temple_entry_trees

Skill      XL: |  1  2  3  4  5  6  7  8 |
---------------+-------------------------+-----
Polearms       | 4 5 6 7 9 |  9.8
Fighting       | 4 5 6 7 |  7.3
Armour         | 3 4 5 6 |  6.7
Evocations     | 1 2 3 4 |  4.6
Dodging        | 2 |  2.0

Action                   |  1- 3 |  4- 6 |  7- 9 || total
-------------------------+-------+-------+-------++-------
Melee: Spear             |    84 |   247 |   252 ||   583
       Headbutt          |     9 |    24 |    50 ||    83
       Punch             |       |     2 |     2 ||     4
Throw: Stone             |       |    92 |    63 ||   155
Evoke: Piece from Xom's  |     5 |     1 |     5 ||    11
       Phantom mirror    |       |     1 |     1 ||     2
       Wand              |       |       |    21 ||    21
  Use: Scroll            |       |     9 |     6 ||    15
       Potion            |       |     4 |       ||     4
 Stab: Paralysed         |     5 |     2 |     3 ||    10
       Distracted        |       |     1 |       ||     1
       Petrifying        |       |       |     1 ||     1
       Sleeping          |       |       |     1 ||     1
Armor: Leather armour    |    33 |     1 |       ||    34
       Scale mail        |       |    34 |       ||    34
       Plate armour      |       |    53 |   112 ||   165
Dodge: Dodged            |    46 |    87 |    41 ||   174

Table legend: (Time is in decaauts)
 A = Elapsed time spent in this place.
 B = Non-inter-level travel time spent in this place.
 C = Inter-level travel time spent in this place.
 D = Time resting spent in this place.
 E = Time spent auto-exploring this place.
 F = Levels seen in this place.
 G = Mean time per level.
                   A        B        C        D        E       F      G
               +--------+--------+--------+--------+--------+-----+--------+
         Total |   7871 |   7483 |    388 |    752 |   5398 |   8 |  983.9 |
       Dungeon |   7074 |   6686 |    388 |    644 |   4890 |   7 | 1010.6 |
         Sewer |    797 |    797 |      0 |    108 |    507 |   1 |  797.0 |
               +--------+--------+--------+--------+--------+-----+--------+

Top non-repeatable levels by time:
     D:5: 1568 daAuts
     D:3: 1365 daAuts
     D:4: 1023 daAuts
     D:1: 997 daAuts
     D:6: 902 daAuts
     D:2: 874 daAuts
   Sewer: 797 daAuts
     D:7: 343 daAuts
